[Event "Titled Tuesday Blitz March 22 Early 2022"]
[White "Garv Gaur"]
[Black "Kouskoutis, Georgios-Alexandros"]
[WhiteFideId "45030839"]
[BlackFideId "4234049"]
[WhiteElo "1950"]
[BlackElo "2130"]
[Result "1-0"]
[Round "10"]
[TimeControl "180+1"]
[Date "2022.03.22"]
[WhiteClock "0:00:16"]
[BlackClock "0:00:02"]

1. d4 Nf6 2. Nf3 d5 3. c4 e6 4. g3 Be7 5. Bg2 O-O 6. O-O c6 7. Qc2 b6 8. Nbd2 Bb7 9. e4 Na6 10. a3 dxc4 11. Nxc4 c5 12. e5 Nd5 13. dxc5 Nxc5 14. b4 Nd7 15. Rd1 Qc7 16. Qb3 Rac8 17. Ne3 Nxe3 18. Bxe3 Bd5 19. Rxd5 exd5 20. Qxd5 Qc6 21. Qxc6 Rxc6 22. Nd4 Rc7 23. Bf4 g5 24. Nf5 gxf4 25. Nxe7+ Kh8 26. Nd5 Rc2 27. gxf4 Rd8 28. Rd1 Nf8 29. f5 h5 30. f4 h4 31. h3 Kg7 32. Re1 Rxg2+ 33. Kxg2 Rxd5 34. e6 Rd2+ 35. Kf3 Nd7 36. exd7 Rxd7 37. Re3 Kf6 38. Kg4 Rd4 39. Rc3 Kg7 40. Kg5 a5 41. f6+ Kh7 42. bxa5 Rd5+ 43. f5 Rxa5 44. Rc4 Rxa3 45. Rxh4+ Kg8 46. Rb4 Rg3+ 47. Kh4 Rf3 48. Kg4 Rf1 49. Rxb6 Rg1+ 50. Kh5 Rg3 51. h4 Rf3 52. Kg5 Kh7 53. Rb7 Rg3+ 54. Kh5 Kg8 55. Kh6 1-0


[Site "https://www.chess.com"]

[Event "Titled Tuesday Blitz March 22 Early 2022"]
[White "Golsta, Madara"]
[Black "Harish, Neeraj"]
[WhiteFideId "11607386"]
[BlackFideId "30958130"]
[WhiteElo "1997"]
[BlackElo "1574"]
[Result "1-0"]
[Round "10"]
[TimeControl "180+1"]
[Date "2022.03.22"]
[WhiteClock "0:01:34"]
[BlackClock "0:00:28"]

1. e4 c5 2. Nf3 Nc6 3. d4 cxd4 4. Nxd4 Nf6 5. Nc3 e5 6. Ndb5 d6 7. Nd5 Nxd5 8. exd5 Nb8 9. a4 Be7 10. Bd3 O-O 11. O-O Nd7 12. a5 a6 13. Nc3 f5 14. f4 e4 15. Be2 Bf6 16. Be3 b5 17. axb6 Nxb6 18. Bd4 Bb7 19. Kh1 Bxd4 20. Qxd4 Nd7 21. Na4 Qf6 22. Rfd1 Qxd4 23. Rxd4 Nf6 24. c4 Rac8 25. Nb6 Rc7 26. b4 Nd7 27. Nxd7 Rxd7 28. c5 dxc5 29. bxc5 Rxd5 30. Bc4 Rd8 31. Rad1 e3 32. Bxd5+ Bxd5 33. Rxd5 Rxd5 34. Rxd5 e2 35. Re5 1-0


[Site "https://www.chess.com"]

[Event "Titled Tuesday Blitz March 22 Early 2022"]
[White "Grischuk, Alexander"]
[Black "Dreev, Aleksey"]
[WhiteFideId "4126025"]
[BlackFideId "4100107"]
[WhiteElo "2762"]
[BlackElo "2625"]
[Result "1-0"]
[Round "10"]
[TimeControl "180+1"]
[Date "2022.03.22"]
[WhiteClock "0:00:04"]
[BlackClock "0:00:02"]

1. e4 c5 2. Nc3 Nc6 3. Bb5 Nd4 4. Nf3 e6 5. O-O a6 6. Bd3 Nc6 7. b3 d6 8. Bb2 Nf6 9. Re1 e5 10. Nd5 Be7 11. Nxe7 Qxe7 12. h3 O-O 13. Bf1 Rd8 14. c3 b5 15. d4 cxd4 16. cxd4 Bb7 17. d5 Nb8 18. b4 Nbd7 19. a4 bxa4 20. Qxa4 Rdc8 21. Rac1 h6 22. Nd2 Nb6 23. Qa5 Nfd7 24. Qa3 f5 25. exf5 Bxd5 26. Qe3 Qf7 27. Rxc8+ Rxc8 28. Bxa6 Ra8 29. Bd3 Nc4 30. Bxc4 Bxc4 31. Ne4 Ra6 32. Qd2 d5 33. Nc5 Nxc5 34. bxc5 Qxf5 35. Rxe5 Qg6 36. Qd4 Rf6 37. Re3 Qb1+ 38. Kh2 Qf5 39. Rg3 Kh7 40. c6 Ba6 41. c7 Bc8 42. Qc5 Rf7 43. Bd4 Qf4 44. Qxd5 Qxc7 45. Be5 Bb7 46. Qd3+ 1-0


[Site "https://www.chess.com"]

[Event "Titled Tuesday Blitz March 22 Early 2022"]
[White "Hakobyan, Aram"]
[Black "Smirnov, Pavel"]
[WhiteFideId "13306677"]
[BlackFideId "4123425"]
[WhiteElo "2557"]
[BlackElo "2545"]
[Result "0-1"]
[Round "10"]
[TimeControl "180+1"]
[Date "2022.03.22"]
[WhiteClock "0:00:44"]
[BlackClock "0:00:06"]

1. d4 Nf6 2. Nf3 e6 3. c3 d5 4. Bf4 Bd6 5. e3 O-O 6. Nbd2 c5 7. Bd3 Bxf4 8. exf4 b6 9. h4 a5 10. h5 Ba6 11. Bxa6 Nxa6 12. h6 g6 13. Qe2 cxd4 14. Nxd4 Nc5 15. N2f3 Nfe4 16. Ne5 Qf6 17. g3 Rfe8 18. Ng4 Qe7 19. f3 Nxg3 20. Nc6 Qc7 21. Nf6+ Kh8 22. Nxe8 Rxe8 23. Qe3 Nxh1 24. O-O-O Ng3 25. Qd4+ e5 26. Qxd5 Ne2+ 27. Kb1 Nxf4 28. Qd6 Qxd6 29. Rxd6 Kg8 30. Nxe5 f5 31. Nc4 Nfd3 32. a4 Re6 33. Rd8+ Kf7 34. Rh8 g5 35. Rxh7+ Kg6 36. Rh8 Re7 37. Nd6 Rd7 38. Rg8+ Kh7 39. Rg7+ Rxg7 40. hxg7 g4 41. Nxf5 gxf3 42. Kc2 f2 43. Ne3 Kxg7 44. b4 axb4 45. cxb4 Nxb4+ 46. Kd2 Nd5 47. Nf1 Ne4+ 48. Ke2 Ndc3+ 49. Ke3 Kf6 50. Kd4 Kf5 51. Kc4 Kf4 52. Kb4 Ne2 53. a5 bxa5+ 54. Kxa5 N2g3 55. Nh2 Ng5 56. Kb4 Nf3 0-1


[Site "https://www.chess.com"]

[Event "Titled Tuesday Blitz March 22 Early 2022"]
[White "Hamitevici, Vladimir"]
[Black "Salinas Herrera, Pablo"]
[WhiteFideId "13902393"]
[BlackFideId "3407128"]
[WhiteElo "2359"]
[BlackElo "2541"]
[Result "0-1"]
[Round "10"]
[TimeControl "180+1"]
[Date "2022.03.22"]
[WhiteClock "0:00:25"]
[BlackClock "0:00:28"]

1. d4 d5 2. c4 e6 3. Nc3 Nf6 4. cxd5 exd5 5. Bg5 c6 6. e3 h6 7. Bh4 Bd6 8. Bd3 O-O 9. Nge2 Re8 10. Bg3 a5 11. O-O Na6 12. Rc1 Nc7 13. Bb1 Bg4 14. f3 Bxg3 15. Nxg3 Bd7 16. e4 Ne6 17. e5 Nh7 18. f4 Qb6 19. Nce2 Qxb2 20. Qd3 Nef8 21. f5 Ng5 22. h4 Ne4 23. Nxe4 dxe4 24. Qxe4 c5 25. Rxc5 Bc6 26. Qe3 Rad8 27. f6 gxf6 28. Rc2 Qb4 29. Qxh6 Rxd4 30. a3 Rxh4 31. Qxf8+ Qxf8 0-1


[Site "https://www.chess.com"]

[Event "Titled Tuesday Blitz March 22 Early 2022"]
[White "Dronavalli, Harika"]
[Black "Demin, Vladimir"]
[WhiteFideId "5015197"]
[BlackFideId "4167457"]
[WhiteElo "2382"]
[BlackElo "2532"]
[Result "1/2-1/2"]
[Round "10"]
[TimeControl "180+1"]
[Date "2022.03.22"]
[WhiteClock "0:00:18"]
[BlackClock "0:00:07"]

1. d4 Nf6 2. Nf3 d5 3. g3 e6 4. Bg2 Be7 5. O-O O-O 6. b3 c5 7. dxc5 Bxc5 8. Bb2 Nc6 9. a3 a5 10. Nbd2 b5 11. c4 bxc4 12. bxc4 Ba6 13. Rc1 dxc4 14. Nxc4 Nd5 15. Nce5 Nxe5 16. Rxc5 Nc4 17. Ba1 Nxa3 18. Qd4 f6 19. Ng5 Nb4 20. Qxd8 Raxd8 21. Nxe6 Bxe2 22. Nxd8 Bxf1 23. Bxf1 Rxd8 24. Rxa5 Nac2 25. Bc4+ Kh8 26. Bc3 h6 27. Kg2 Rc8 28. Bxb4 Rxc4 29. Bd2 Rc7 30. h4 Nd4 31. Ra8+ Kh7 32. Be3 Nf5 33. Bf4 Rd7 34. Ra5 Nd4 35. h5 Ne6 36. Be3 Ng5 37. Bxg5 hxg5 38. Ra8 g4 39. Ra4 Rd5 40. Rxg4 Rxh5 41. Rc4 Rd5 42. Rh4+ Kg6 43. Ra4 Rg5 44. f4 Rb5 45. Kh3 Rb1 46. Ra5 Rb6 47. Kg4 Kh7 48. Rh5+ Kg6 49. Rc5 Rb1 50. Ra5 Rc1 51. f5+ Kh7 52. Ra4 Rd1 53. Rf4 Rc1 54. Kh3 Rh1+ 55. Kg2 Ra1 56. Rh4+ Kg8 57. Rc4 Ra2+ 58. Kh3 Kh7 59. Kg4 Ra1 60. Rf4 Rh1 61. Rb4 Rh2 62. Rb8 Rh1 63. Rb4 Rh2 64. Kf3 Rh1 65. Kg2 Ra1 66. Rh4+ Kg8 67. Rc4 Ra2+ 68. Kh3 Kh7 69. Rh4+ Kg8 70. Re4 Kh7 71. Rh4+ Kg8 72. Rc4 1/2-1/2


[Site "https://www.chess.com"]

[Event "Titled Tuesday Blitz March 22 Early 2022"]
[White "Heinemann, Josefine"]
[Black "Bodnaruk, Anastasia"]
[WhiteFideId "12900460"]
[BlackFideId "4181751"]
[WhiteElo "2300"]
[BlackElo "2393"]
[Result "1-0"]
[Round "10"]
[TimeControl "180+1"]
[Date "2022.03.22"]
[WhiteClock "0:00:10"]
[BlackClock "0:00:03"]

1. Nf3 Nf6 2. d4 g6 3. c4 Bg7 4. g3 O-O 5. Bg2 d6 6. O-O Nc6 7. Nc3 a6 8. b3 Rb8 9. d5 Na5 10. Qc2 c5 11. e4 b5 12. cxb5 axb5 13. Bb2 Ba6 14. Rfe1 b4 15. Nd1 c4 16. bxc4 Nxc4 17. Bd4 Qa5 18. Ne3 Na3 19. Qb2 Rfc8 20. Rac1 Nc4 21. Nxc4 Rxc4 22. Bf1 Rxc1 23. Rxc1 Bxf1 24. Kxf1 Bh6 25. Re1 Rc8 26. Kg2 Bg7 27. g4 Qa4 28. Re2 Rc4 29. h3 Ne8 30. Bxg7 Nxg7 31. Qd2 Qb5 32. Qf4 f6 33. Qe3 Qc5 34. Qd2 Rc3 35. Nd4 Ne8 36. Nc6 Kf7 37. Qh6 Ng7 38. Qxh7 Qc4 39. Re1 Rc2 40. Nxe7 Qd4 41. Qxg6+ Kxe7 42. Qxg7+ Ke8 43. Qg8+ Kd7 44. Qe6+ Kc7 45. Qf5 Qd2 46. Rb1 Rxa2 47. h4 b3 48. Rxb3 Ra1 49. Qxf6 Qe2 50. Qe7+ Kc8 51. Qb7+ Kd8 52. Qb8+ Ke7 53. Rb7+ Kf6 54. Qh8+ Kg6 55. Rg7+ 1-0


[Site "https://www.chess.com"]

[Event "Titled Tuesday Blitz March 22 Early 2022"]
[White "Hernandez Bonilla, Amelia"]
[Black "Donchenko, Anatoly"]
[WhiteFideId "3900193"]
[BlackFideId "4106091"]
[WhiteElo "2097"]
[BlackElo "2339"]
[Result "0-1"]
[Round "10"]
[TimeControl "180+1"]
[Date "2022.03.22"]
[WhiteClock "0:00:01"]
[BlackClock "0:01:27"]

1. d4 d5 2. Bf4 c5 3. e3 Nc6 4. Nf3 e6 5. c3 Bd6 6. Bg3 Nge7 7. Nbd2 b6 8. Bd3 Bb7 9. O-O Qc7 10. e4 Bxg3 11. hxg3 dxe4 12. Nxe4 cxd4 13. cxd4 O-O 14. Rc1 Qd7 15. Bb1 Rfd8 16. Nfg5 Ng6 17. Qh5 h6 18. Nxf7 Qxf7 19. Ng5 Qf6 20. Nxe6 Qxe6 21. Bxg6 Rd5 22. Rfe1 Qxe1+ 23. Rxe1 Rxh5 24. Bxh5 Nxd4 25. Re7 Bc6 26. Bf7+ Kh8 27. Rc7 a5 28. f3 Rd8 29. Kf2 Rd7 30. Rc8+ Kh7 31. Bc4 g6 32. Ke3 b5 33. Bg8+ Kg7 34. b3 Nf5+ 35. Kf4 Bd5 36. g4 Bxg8 37. gxf5 gxf5 38. Kxf5 Rd2 39. Rc7+ Bf7 40. g4 Rxa2 41. f4 Rf2 42. Rb7 b4 43. Ra7 Rf3 44. Rxa5 Rxb3 45. Ra7 Rb1 0-1


[Site "https://www.chess.com"]

[Event "Titled Tuesday Blitz March 22 Early 2022"]
[White "Hoffmann, Asa"]
[Black "Pinheiro, Iung Alicio de O."]
[WhiteFideId "2001470"]
[BlackFideId "2104350"]
[WhiteElo "2117"]
[BlackElo "2517"]
[Result "0-1"]
[Round "10"]
[TimeControl "180+1"]
[Date "2022.03.22"]
[WhiteClock "0:00:03"]
[BlackClock "0:00:18"]

1. d4 Nf6 2. Bg5 Ne4 3. Bf4 Nc6 4. f3 e5 5. dxe5 g5 6. Bc1 Nc5 7. e4 Bg7 8. Be3 Ne6 9. Nc3 Nxe5 10. Qd2 h6 11. O-O-O d6 12. Nh3 Bd7 13. Nf2 Bc6 14. h4 Qe7 15. Nd5 Bxd5 16. exd5 Nf4 17. Bxf4 gxf4 18. Bb5+ c6 19. dxc6 bxc6 20. Be2 O-O 21. Qxd6 Qb7 22. c3 Rab8 23. Rd2 Qb6 24. Ne4 Rfd8 25. Qc5 Rxd2 26. Qxb6 axb6 27. Kxd2 b5 28. a3 Nd7 29. Kc2 Nb6 30. Rd1 Nd5 31. Rg1 Rd8 32. h5 f5 33. Nd2 Ne3+ 34. Kc1 Be5 35. Nb3 Kf7 36. Nc5 Bc7 37. Nd3 Re8 38. Kd2 Nc4+ 39. Kd1 Rd8 40. Kc1 Bb8 41. Bf1 Re8 0-1


[Site "https://www.chess.com"]

[Event "Titled Tuesday Blitz March 22 Early 2022"]
[White "Ianov, Viktor"]
[Black "Koridze, Lile"]
[WhiteFideId "14102730"]
[BlackFideId "13612514"]
[WhiteElo "2161"]
[BlackElo "1999"]
[Result "1-0"]
[Round "10"]
[TimeControl "180+1"]
[Date "2022.03.22"]
[WhiteClock "0:02:44"]
[BlackClock "0:02:13"]

1. Nf3 Nf6 2. g3 d5 3. Bg2 c5 4. O-O Nc6 5. d4 cxd4 6. Nxd4 e5 7. Nxc6 bxc6 8. c4 Be6 9. Nc3 Be7 10. Bg5 e4 11. Qa4 O-O 12. Rad1 Qb6 13. Bxf6 Bxf6 14. cxd5 cxd5 15. Nxd5 Bxd5 16. Rxd5 Qxb2 17. e3 g6 18. Bxe4 Rfe8 19. Rb5 Rxe4 20. Qxe4 1-0


[Site "https://www.chess.com"]

[Event "Titled Tuesday Blitz March 22 Early 2022"]
[White "Indjic, Aleksandar"]
[Black "Oganian, Miran"]
[WhiteFideId "911925"]
[BlackFideId "4122488"]
[WhiteElo "2616"]
[BlackElo "2357"]
[Result "0-1"]
[Round "10"]
[TimeControl "180+1"]
[Date "2022.03.22"]
[WhiteClock "0:00:14"]
[BlackClock "0:00:53"]

1. e4 e6 2. d4 d5 3. e5 c5 4. c3 Qb6 5. Nf3 Nc6 6. a3 Nh6 7. b4 cxd4 8. cxd4 Nf5 9. Bb2 Be7 10. h4 a5 11. b5 a4 12. g4 Nh6 13. Rg1 Na5 14. Nbd2 Bd7 15. Rb1 O-O 16. Bd3 Bxb5 17. Ba1 Nb3 18. Nxb3 Bxd3 19. Qxd3 axb3 20. Rxb3 Qc6 21. Bb2 Rfc8 22. Ng5 g6 23. Nf3 Qc4 24. Kd2 b5 25. Rc3 Qa4 26. Rxc8+ Rxc8 27. h5 b4 28. axb4 Bxb4+ 29. Ke3 Qa2 30. Qe2 Qb3+ 31. Kf4 Rc2 32. Qb5 Bd2+ 0-1


[Site "https://www.chess.com"]

[Event "Titled Tuesday Blitz March 22 Early 2022"]
[White "Iskusnyh, Sergei"]
[Black "Aaditya Dhingra"]
[WhiteFideId "4120027"]
[BlackFideId "25678191"]
[WhiteElo "2492"]
[BlackElo "1849"]
[Result "1-0"]
[Round "10"]
[TimeControl "180+1"]
[Date "2022.03.22"]
[WhiteClock "0:00:22"]
[BlackClock "0:00:02"]

1. d4 Nf6 2. c4 c5 3. d5 e6 4. Nc3 exd5 5. cxd5 d6 6. Nf3 g6 7. Nd2 a6 8. a4 Nbd7 9. e4 Bg7 10. Be2 O-O 11. O-O Re8 12. Ra3 g5 13. Nc4 Nxe4 14. Nxe4 Rxe4 15. Nxd6 Rd4 16. Qc2 Ne5 17. Nf5 Bxf5 18. Qxf5 h6 19. Bh5 Rxd5 20. Rb3 Qd7 21. Qe4 c4 22. Rb6 Rd4 23. Qxb7 Qxb7 24. Rxb7 Rad8 25. Be3 R4d7 26. Rb6 Nd3 27. Rxa6 Nxb2 28. a5 c3 29. Rc6 Nd3 30. a6 Nb4 31. Rb6 Nd5 32. Rc6 Rd6 33. Rxd6 Rxd6 34. a7 Ra6 35. Bc5 Bf8 36. Be2 Ra5 37. Bd4 c2 38. Bf3 Nc7 39. Bb6 Ra2 40. Bxc7 Rxa7 41. Bb6 Ra6 42. Be3 Ra2 43. Bc1 Ra1 44. Be4 Ra2 45. g3 Kg7 46. Kg2 Kf6 47. Re1 Bb4 48. Re2 Ra1 49. Rxc2 Rb1 50. Rc6+ 1-0


[Site "https://www.chess.com"]

[Event "Titled Tuesday Blitz March 22 Early 2022"]
[White "Jary, Sergey"]
[Black "Grieve, Harry"]
[WhiteFideId "14110350"]
[BlackFideId "426520"]
[WhiteElo "2260"]
[BlackElo "2294"]
[Result "1/2-1/2"]
[Round "10"]
[TimeControl "180+1"]
[Date "2022.03.22"]
[WhiteClock "0:00:15"]
[BlackClock "0:00:06"]

1. e4 c5 2. Nf3 e6 3. c4 Nc6 4. Nc3 Nd4 5. d3 Ne7 6. g3 Nec6 7. Bg2 g6 8. h4 h6 9. Be3 Bg7 10. Rb1 d6 11. a3 Qd7 12. Qd2 b6 13. b4 Bb7 14. bxc5 dxc5 15. Bxd4 Nxd4 16. Nxd4 Bxd4 17. Nb5 Bg7 18. O-O O-O 19. Rfe1 Rfd8 20. e5 Bxg2 21. Kxg2 Qxd3 22. Qxd3 Rxd3 23. f4 Rad8 24. Nxa7 Rxa3 25. Nb5 Ra2+ 26. Kf3 Rd3+ 27. Re3 Rdd2 28. Nc3 Ra6 29. Ke4 Rd4+ 30. Kf3 Rxc4 31. Ne4 Bf8 32. Rd3 Rd4 33. Rxd4 cxd4 34. Rc1 Ra8 35. Rc6 Rb8 36. h5 gxh5 37. Nf6+ Kg7 38. Nxh5+ Kg6 39. g4 b5 40. f5+ Kg5 41. fxe6 fxe6 42. Nf4 Re8 43. Nxe6+ Kh4 44. Kf4 d3 45. Rc1 Kh3 46. Kf3 Kh2 47. Nxf8 Rxf8+ 48. Ke3 Rd8 49. Rd1 Kg3 50. Rxd3 Re8 51. Ke4+ Kxg4 52. Rb3 h5 53. Rxb5 h4 54. Rb7 h3 55. Rg7+ Kh4 56. Kf5 h2 57. e6 Kh3 58. Kf6 h1=Q 59. Rh7+ Kg2 60. Rxh1 Kxh1 61. Kf7 Rxe6 62. Kxe6 1/2-1/2


[Site "https://www.chess.com"]

[Event "Titled Tuesday Blitz March 22 Early 2022"]
[White "Jaskolka, Tomasz"]
[Black "Rosenberg, Evan S"]
[WhiteFideId "1170791"]
[BlackFideId "2019299"]
[WhiteElo "2073"]
[BlackElo "2297"]
[Result "1-0"]
[Round "10"]
[TimeControl "180+1"]
[Date "2022.03.22"]
[WhiteClock "0:00:32"]
[BlackClock "0:00:08"]

1. e4 e5 2. Nf3 Nc6 3. Bc4 Bc5 4. d3 Nf6 5. c3 O-O 6. Nbd2 d5 7. Bb3 dxe4 8. dxe4 a5 9. Qe2 a4 10. Bc2 a3 11. b4 Bb6 12. Nc4 Be6 13. Nxb6 cxb6 14. O-O h6 15. b5 Na5 16. Nxe5 Qc7 17. Bf4 Qxc3 18. Rac1 Rfe8 19. Bb3 Qb4 20. Bxe6 Rxe6 21. Rfe1 Rae8 22. Qd3 Rxe5 23. Bxe5 Rxe5 24. Rc8+ Kh7 25. Rec1 Qxe4 26. Qc3 Nd5 27. Qd2 Nf4 28. f3 Qe3+ 29. Qxe3 Rxe3 30. R1c2 Nd3 31. h4 Re1+ 32. Kh2 Re5 33. Rf8 Kg6 34. g4 Rxb5 35. Kg3 Rb2 36. Rc7 Nc6 37. h5+ Kf6 38. Rfxf7+ Ke5 39. Rxb7 Kd4 40. Rxg7 Nce5 41. g5 hxg5 42. h6 Ne1 43. h7 Rg2+ 44. Kh3 Rg1 45. Rgd7+ Ke3 46. Kh2 Rg2+ 47. Kh1 Kf2 48. Rd2+ Kxf3 49. Rxg2 Nxg2 50. h8=Q Ng4 51. Qh3+ Kf2 52. Qxg2+ Ke3 53. Qxg4 Kf2 54. Qxg5 b5 55. Rxb5 Kf1 56. Rb3 Kf2 57. Qd2+ Kf1 58. Rb1# 1-0


[Site "https://www.chess.com"]

[Event "Titled Tuesday Blitz March 22 Early 2022"]
[White "Jeet, Jain"]
[Black "Mikhailovsky, Vladimir"]
[WhiteFideId "5073022"]
[BlackFideId "34105414"]
[WhiteElo "2085"]
[BlackElo "2371"]
[Result "0-1"]
[Round "10"]
[TimeControl "180+1"]
[Date "2022.03.22"]
[WhiteClock "0:02:02"]
[BlackClock "0:01:27"]

1. d4 Nf6 2. Nf3 d5 3. Bf4 c5 4. e3 e6 5. Nbd2 Bd6 6. Bg3 Qc7 7. Ne5 Nfd7 8. f4 O-O 9. c3 f6 10. Nd3 c4 11. Nf2 e5 12. Qf3 e4 13. Nfxe4 dxe4 14. Qxe4 Nb6 15. Nxc4 f5 16. Qf3 Be6 17. Nxd6 Qxd6 18. Qxb7 Bd5 0-1


[Site "https://www.chess.com"]

[Event "Titled Tuesday Blitz March 22 Early 2022"]
[White "Johnson, Ben"]
[Black "Ladan, Nicholas"]
[WhiteFideId "2010917"]
[BlackFideId "30918855"]
[WhiteElo "2219"]
[BlackElo "2167"]
[Result "0-1"]
[Round "10"]
[TimeControl "180+1"]
[Date "2022.03.22"]
[WhiteClock "0:00:32"]
[BlackClock "0:00:49"]

1. Nf3 d5 2. e3 Nd7 3. c4 c6 4. Nc3 Ngf6 5. d4 e6 6. Bd3 dxc4 7. Bxc4 b5 8. Bd3 Bd6 9. O-O Bb7 10. a3 a5 11. Qc2 O-O 12. Ne4 Nxe4 13. Bxe4 f5 14. Bd3 Rc8 15. b3 c5 16. Bxb5 Bxf3 17. gxf3 Bxh2+ 18. Kxh2 Qh4+ 19. Kg2 Rf6 20. Rg1 Rg6+ 21. Kf1 Qh3+ 22. Ke2 Rxg1 23. Bxd7 Qf1+ 24. Kd2 Rg2 25. Bxe6+ Kh8 26. Bxc8 Qxf2+ 0-1


[Site "https://www.chess.com"]

[Event "Titled Tuesday Blitz March 22 Early 2022"]
[White "Karavaeva, Olga"]
[Black "Sanchez, Robert"]
[WhiteFideId "4124111"]
[BlackFideId "2034360"]
[WhiteElo "2105"]
[BlackElo "2252"]
[Result "1-0"]
[Round "10"]
[TimeControl "180+1"]
[Date "2022.03.22"]
[WhiteClock "0:02:10"]
[BlackClock "0:02:14"]

1. c4 e5 2. Nc3 f5 3. b3 Nc6 4. Bb2 Nf6 5. g3 g6 6. Bg2 Bg7 7. e3 O-O 8. Nge2 d6 9. O-O e4 10. d3 Nb4 11. dxe4 Nxe4 12. a3 Nc6 13. Qc2 Nxc3 14. Bxc3 Ne5 15. Rad1 c6 16. Qb2 Qe7 17. Rd2 Be6 18. Rfd1 Rad8 19. Nf4 Bf7 20. Nd3 Nxd3 21. Rxd3 Bxc3 22. Qxc3 Rd7 23. h4 Rfd8 24. a4 d5 25. cxd5 Bxd5 26. Bxd5+ Rxd5 27. Rxd5 Rxd5 28. Rxd5 cxd5 29. Qd4 a6 30. Qxd5+ 1-0


[Site "https://www.chess.com"]

[Event "Titled Tuesday Blitz March 22 Early 2022"]
[White "Kett, Tim"]
[Black "Popadic, Dragan"]
[WhiteFideId "1801210"]
[BlackFideId "913650"]
[WhiteElo "2098"]
[BlackElo "2222"]
[Result "0-1"]
[Round "10"]
[TimeControl "180+1"]
[Date "2022.03.22"]
[WhiteClock "0:00:14"]
[BlackClock "0:00:56"]

1. e4 c5 2. Nf3 Nc6 3. d4 cxd4 4. Nxd4 Nf6 5. Nc3 e5 6. Ndb5 d6 7. Bg5 a6 8. Bxf6 gxf6 9. Na3 b5 10. Nd5 Bg7 11. c3 f5 12. Bd3 Ne7 13. Nxe7 Qxe7 14. Nc2 O-O 15. Ne3 f4 16. Nd5 Qd8 17. g3 Be6 18. gxf4 Bxd5 19. exd5 e4 20. Bc2 f5 21. Qh5 b4 22. Rg1 bxc3 23. bxc3 Qf6 24. Rg3 Kh8 25. Ke2 Rac8 26. Rag1 Rf7 27. Rh3 Bf8 28. Qg5 Bg7 29. Qh5 Bf8 30. Qg5 Qxg5 31. fxg5 Rfc7 32. g6 h6 33. Rgg3 f4 34. Rg4 f3+ 35. Kd2 e3+ 36. fxe3 Rxc3 37. Bd3 Ra3 38. Rxf3 Rxa2+ 39. Kd1 Bg7 40. Bc2 Rcxc2 0-1


[Site "https://www.chess.com"]

[Event "Titled Tuesday Blitz March 22 Early 2022"]
[White "Khamzin, Olzhas"]
[Black "Kulkarni, Rakesh"]
[WhiteFideId "13701690"]
[BlackFideId "5037077"]
[WhiteElo "2194"]
[BlackElo "2246"]
[Result "0-1"]
[Round "10"]
[TimeControl "180+1"]
[Date "2022.03.22"]
[WhiteClock "0:00:41"]
[BlackClock "0:00:51"]

1. d4 Nf6 2. Nc3 d5 3. Bg5 Ne4 4. Nxe4 dxe4 5. e3 Bf5 6. c3 c6 7. Bc4 Qb6 8. b4 e6 9. g4 Bg6 10. Qb3 h6 11. Bh4 Qc7 12. a4 Be7 13. Bg3 Bd6 14. Ne2 O-O 15. h4 Nd7 16. h5 Bh7 17. g5 hxg5 18. h6 gxh6 19. Rxh6 Kg7 20. Rh1 Bg6 21. O-O-O Rh8 22. Rhg1 Bxg3 23. Rxg3 Rh2 24. Rxg5 Rxf2 25. Rdg1 Nf8 26. Nf4 Rxf4 27. exf4 Qxf4+ 28. Kb1 b5 29. axb5 cxb5 30. Bxb5 e3+ 31. Bd3 a5 32. b5 a4 33. Qc2 Rb8 34. Ka2 Qf2 35. Bxg6 fxg6 36. c4 Qxc2+ 37. Ka3 Qb3# 0-1


[Site "https://www.chess.com"]

[Event "Titled Tuesday Blitz March 22 Early 2022"]
[White "Kobalia, Mikhail"]
[Black "Manolache, Marius"]
[WhiteFideId "4119150"]
[BlackFideId "1201530"]
[WhiteElo "2667"]
[BlackElo "2389"]
[Result "1-0"]
[Round "10"]
[TimeControl "180+1"]
[Date "2022.03.22"]
[WhiteClock "0:00:14"]
[BlackClock "0:00:01"]

1. e4 c5 2. Nf3 e6 3. d4 cxd4 4. Nxd4 Nc6 5. Nc3 Qc7 6. Be2 Nf6 7. Ndb5 Qb8 8. Be3 a6 9. Nd4 b5 10. g4 h6 11. h4 Bb7 12. f3 Bb4 13. Qd2 Ne5 14. O-O-O Qc7 15. g5 Ng8 16. f4 Bxc3 17. bxc3 Nc6 18. f5 O-O-O 19. Kb2 Nge7 20. c4 b4 21. f6 gxf6 22. gxf6 Ng6 23. Nxc6 Bxc6 24. Qxb4 Qb7 25. Bb6 Nf4 26. Bf3 d5 27. exd5 exd5 28. c5 d4 29. Bxc6 Qxc6 30. Bxd8 Rxd8 31. Qb6 Qxb6+ 32. cxb6 Kb7 33. Rhf1 Ne6 34. Rf5 Kxb6 35. Rh5 Rg8 36. Rxh6 Rg4 37. Rh7 Nd8 38. Re1 Rf4 39. Re8 Kc7 40. Rhh8 Nc6 41. Re7+ Kd6 42. Rxf7 Ne5 43. Rff8 Rf3 44. Rd8+ Kc5 45. Rc8+ Kb4 46. a3+ Ka4 47. Rhd8 1-0


[Site "https://www.chess.com"]

[Event "Titled Tuesday Blitz March 22 Early 2022"]
[White "Kosteniuk, Alexandra"]
[Black "Danilenko, Dmitriy"]
[WhiteFideId "4128125"]
[BlackFideId "14120844"]
[WhiteElo "2469"]
[BlackElo "2606"]
[Result "1-0"]
[Round "10"]
[TimeControl "180+1"]
[Date "2022.03.22"]
[WhiteClock "0:00:12"]
[BlackClock "0:00:11"]

1. e4 Nf6 2. e5 Nd5 3. d4 d6 4. Nf3 dxe5 5. Nxe5 c6 6. Bc4 Nd7 7. Nf3 e6 8. O-O b5 9. Bd3 Bb7 10. Re1 Be7 11. b3 b4 12. a3 a5 13. Bd2 O-O 14. c4 bxc3 15. Nxc3 c5 16. Ne4 cxd4 17. Nxd4 N7f6 18. Nf3 Nxe4 19. Bxe4 Bf6 20. Rc1 Qb6 21. Qc2 g6 22. Qb1 Rfd8 23. Rc4 Ba6 24. Rcc1 Rab8 25. b4 axb4 26. Bxd5 Rxd5 27. axb4 Rf5 28. Re4 Bb7 29. Rf4 Bxf3 30. Rxf3 Rxf3 31. gxf3 Bd4 32. Be1 Qd6 33. Qe4 Bb6 34. Rc6 Qd1 35. Kg2 Qd7 36. Bc3 Bc7 37. Qc4 Bd8 38. b5 Be7 39. b6 Qd5 40. Qxd5 exd5 41. Bd4 Bd8 42. f4 Kf8 43. Kf3 Ke7 44. f5 Kd7 45. Rc5 Kd6 46. Rb5 Kc6 47. Rc5+ Kd6 48. Rb5 Rb7 49. fxg6 fxg6 50. Be3 Kc6 51. Rc5+ Kd6 52. Rb5 Rf7+ 53. Ke2 Kc6 54. Rc5+ Kb7 55. Rxd5 Be7 56. Rd7+ Kc6 57. b7 Kxd7 58. b8=Q Bd6 59. Qb7+ Ke6 60. Qb3+ Kd7 61. Qxf7+ 1-0


[Site "https://www.chess.com"]

[Event "Titled Tuesday Blitz March 22 Early 2022"]
[White "Kowalczyk, Pawel"]
[Black "Janaszak, Dawid"]
[WhiteFideId "1130641"]
[BlackFideId "1119206"]
[WhiteElo "2344"]
[BlackElo "2199"]
[Result "1/2-1/2"]
[Round "10"]
[TimeControl "180+1"]
[Date "2022.03.22"]
[WhiteClock "0:01:14"]
[BlackClock "0:00:31"]

1. e4 e5 2. d4 exd4 3. c3 d3 4. Bxd3 Nc6 5. Nf3 d6 6. h3 Nf6 7. O-O Be7 8. Qe2 O-O 9. Rd1 Nd7 10. Bf4 Bf6 11. Na3 Re8 12. Qc2 Nde5 13. Nxe5 Bxe5 14. Bxe5 Nxe5 15. f4 Nxd3 16. Qxd3 Qe7 17. Re1 Bd7 18. Nc2 Bc6 19. e5 dxe5 20. Rxe5 Qf6 21. Rxe8+ Rxe8 22. Re1 Rd8 23. Qe3 h6 24. Nd4 Re8 25. Qf2 Rxe1+ 26. Qxe1 Qxf4 27. Nxc6 bxc6 28. Qe8+ Kh7 29. Qxc6 Qe3+ 30. Kh2 Qf4+ 31. g3 Qd2+ 32. Qg2 Qd3 33. Qf2 f5 34. a4 a5 35. b4 g6 36. bxa5 Qxc3 37. a6 Qa5 38. a7 c5 39. Qxc5 Qxc5 40. a8=Q Qc2+ 41. Kg1 Qc1+ 42. Kf2 Qd2+ 43. Kf3 Qd3+ 44. Kf2 Qd2+ 45. Kf1 Qd1+ 46. Kf2 Qd2+ 1/2-1/2


[Site "https://www.chess.com"]